 Dungeon Crawl Stone Soup version 0.29.1-13-g9f3cf754e1 (webtiles) character file.

Game seed: 3445393123075790565

381 Descartes the Ducker (level 6, -5/47 HPs)
             Began as a Demonspawn Monk on Jan 21, 2023.
             Splashed by a jelly's acid (10 damage)
             ... on level 4 of the Dungeon.
             The game lasted 00:06:11 (4320 turns).

Descartes the Ducker (Demonspawn Monk)              Turns: 4320, Time: 00:06:14

Health: -5/47      AC:  0    Str: 19    XL:     6   Next: 46%
Magic:  6/6        EV: 15    Int: 12    God:
Gold:   191        SH:  0    Dex: 15    Spells: 5/5 levels left

rFire   . . .      SeeInvis +   m - +0 morningstar
rCold   . . .      Faith    .   (no shield)
rNeg    . . .      Spirit   .   b - +0 robe
rPois   .          Reflect  .   (no helmet)
rElec   .          Harm     .   (no cloak)
rCorr   .          Rampage  .   (no gloves)
Will    .....                   (no boots)
Stlth   ++........              (no amulet)
HPRegen 0.15/turn               i - ring of see invisible
MPRegen 0.10/turn               q - +6 ring of strength

@: corroded, sanguine armoured
A: hooves 1, spiny 1, sanguine armour 1
a: no special abilities


You were on level 4 of the Dungeon.
You visited 1 branch of the dungeon, and saw 4 of its levels.
You also visited: Sewer.

You collected 191 gold pieces.

Inventory:

Hand Weapons
 a - a +0 hand axe
 m - a +0 morningstar (weapon)
Armour
 b - a +0 robe (worn)
Magical Staves
 j - a staff of earth
Jewellery
 i - a ring of see invisible (left hand)
 o - an amulet of faith
 q - a +6 ring of strength (right hand)
Scrolls
 d - a scroll of blinking
 f - 2 scrolls of fear
 g - 2 scrolls of noise {unknown}
 h - a scroll of immolation {unknown}
 n - a scroll of teleportation {unknown}
 t - a scroll of butterflies {unknown}
 w - a scroll of identify
Potions
 c - 3 potions of ambrosia
 e - 2 potions of curing
 k - 2 potions of mutation {unknown}
 l - a potion of attraction {unknown}
 p - 3 potions of degeneration
 r - a potion of haste {unknown}
 s - 2 potions of invisibility
 u - 5 potions of flight
 v - a potion of heal wounds {unknown}


   Skills:
 - Level 3.0 Fighting
 - Level 2.6(2.8) Axes
 + Level 1.2(2.1) Maces & Flails
 + Level 1.1 Armour
 + Level 6.3 Dodging
 - Level 1.7 Stealth


You had 5 spell levels left.
You didn't know any spells.
Your spell library contained the following spells:

 Spells                   Type           Power      Damage    Failure   Level
 Conjure Flame            Conj/Fire      0%         6-21      69%         3
 Frozen Ramparts          Ice            0%         1d1       69%         3
 Ignite Poison            Fire/Tmut/Pois 0%         N/A       69%         3
 Sticky Flame             Conj/Fire      0%         2d3       97%         4
 Ozocubu's Refrigeration  Ice            0%         4d7       100%        7


Dungeon Overview and Level Annotations

Branches:
Dungeon (4/15)              Sewer (visited)
 Temple: D:4-7

Altars:


Innate Abilities, Weirdness & Mutations

You have large cloven feet.
You are partially covered in sharp spines.
When seriously injured, your blood forms armour. (AC +6)


Message History

No target in view!
No target in view!
No target in view!
No target in view!
No target in view!
No target in view!
You see here a ball python corpse.
There is a dry fountain here.
You now have 191 gold pieces (gained 10).
A jelly comes into view.
There is a dry fountain here.
A jelly is nearby!
The jelly quivers.
You hit the jelly. The acid corrodes you!
Your hands burn!
The jelly is moderately wounded.
The jelly is struck by your spines. The jelly hits you. The acid corrodes you!
You are splashed with acid!
The jelly hits you.
Your blood congeals into armour.
You are splashed with acid!
You are too injured to fight recklessly!
You are too injured to fight recklessly!
You are too injured to fight recklessly!
You are too injured to fight recklessly!
You are too injured to fight recklessly!
You are too injured to fight recklessly!
You are too injured to fight recklessly!
You are too injured to fight recklessly!
You are too injured to fight recklessly!
A jelly is nearby!
You are too injured to fight recklessly!
You hit the jelly but do no damage.
Your hands burn!
The jelly is heavily wounded.
The jelly is struck by your spines. The jelly barely misses you.
You hit the jelly but do no damage.
Your hands burn!
The jelly is severely wounded.
The jelly hits you.
You are splashed with acid!
* * * LOW HITPOINT WARNING * * *
The jelly hits you.
* * * LOW HITPOINT WARNING * * *
You are splashed with acid!
You die...

.## #.#⌠#.#⌠#.#
.#####..#...#..#........
...##.#...#...#.........
##...#⌠#.#⌠#.#⌠#........
###...#...#...#.........
#.#..†#...#...#.....
##⌠#.#⌠#.#⌠#.#⌠#..
#.#...#...#...#J#
##..#...#...#.@#
#.#⌠#.#⌠#.#⌠#.#
##.#...#...#..#
##..#...#.....#
#.#⌠#.#⌠#....!.
#..#...#.........
#................
############...## ####


You could see a jelly.

Vanquished Creatures
  Grinder (D:3)
  A gnoll (D:2)
  10 adders
  A river rat (Sewer)
  5 worms
  A dart slug (D:3)
  An orc (D:4)
  7 ball pythons
  4 endoplasms
  6 giant cockroaches
  4 goblins
  5 hobgoblins
  3 jackals (Sewer)
  7 quokkas
  15 bats
  2 frilled lizards
  7 kobolds
  2 rats (D:3)
82 creatures vanquished.

Notes
Turn   | Place    | Note
-------+----------+-------------------------------------------
     0 | D:1      | Descartes the Demonspawn Monk began the quest for the Orb.
     0 | D:1      | Reached XP level 1. HP: 18/18 MP: 1/1
   326 | D:1      | Reached skill level 3 in Dodging
   618 | D:1      | Gained mutation: When seriously injured, your blood forms
                  | armour. (AC +6) [demonic ancestry]
   618 | D:1      | Reached XP level 2. HP: 23/24 MP: 2/2
   706 | D:1      | Found a faded altar of an unknown god.
  1014 | D:2      | Reached XP level 3. HP: 5/29 MP: 3/3
  1373 | D:2      | Reached skill level 4 in Dodging
  2266 | D:2      | Gained mutation: You are partially covered in sharp spines.
                  | [demonic ancestry]
  2266 | D:2      | Reached XP level 4. HP: 35/35 MP: 4/4
  2342 | D:3      | Got the Guidebook on Rime
  2344 | D:3      | Noticed Grinder
  2346 | D:3      | Paralysed by Grinder for 4 turns
  2360 | D:3      | Killed Grinder
  2361 | D:3      | Reached skill level 6 in Dodging
  2361 | D:3      | Gained mutation: You have large cloven feet. [demonic
                  | ancestry]
  2361 | D:3      | Reached XP level 5. HP: 11/41 MP: 5/5
  3361 | D:4      | Reached XP level 6. HP: 47/47 MP: 6/6
  3369 | D:4      | Found a glowing drain.
  3386 | Sewer    | Entered a sewer
  3656 | Sewer    | Reached skill level 1 in Maces & Flails
  3887 | Sewer    | Reached skill level 1 in Armour
  4320 | D:4      | Splashed by a jelly's acid

Illustrated notes

Levels and vault maps discovered:
D:1:      lightli_arrival_maybe_door_vault, layout_rooms, basic_ecumenical_altar
D:2:      minmay_general_purpose_star, layout_basic, kennysheep_generic_room_4
D:3:      layout_loops_ring, uniq_grinder
D:4:      layout_cave_pods, overflow_temple_1_default, general_overflow_altar,
          tgw_sif, gup_sewer_entry_pipe, kennysheep_doodads

Skill      XL: |  1  2  3  4  5  6 |
---------------+-------------------+-----
Dodging        | 3 4 6 |  6.3
Maces & Flails | 1 |  1.2
Armour         | 1 |  1.1
Fighting       | |  3.0
Axes           | |  2.6
Stealth        | |  1.7

Action                   |  1- 3 |  4- 6 || total
-------------------------+-------+-------++-------
Melee: Hand axe          |   106 |       ||   106
       Punch             |     2 |     1 ||     3
       Morningstar       |     5 |    88 ||    93
       Kick              |       |    19 ||    19
  Use: Potion            |       |     1 ||     1
       Scroll            |       |     6 ||     6
 Stab: Sleeping          |     2 |     4 ||     6
Armor: Robe              |    30 |    12 ||    42
Dodge: Dodged            |    83 |    72 ||   155
